 Dungeon Crawl Stone Soup version 0.28.0-45-g0d030f2227 (webtiles) character file.

Game seed: 17837081310294889623

7550 Bruhh the Basher (level 11, -3/72 HPs)
             Began as a Gargoyle Fighter on Mar 29, 2022.
             Slain by an orc warrior
             ... wielding a +0 glaive
              (4 damage)
             ... in a bailey on Apr 16, 2022.
             The game lasted 00:31:13 (9117 turns).

Bruhh the Basher (Gargoyle Fighter)                 Turns: 9117, Time: 00:31:16

Health: -3/72      AC: 15    Str: 26    XL:     11   Next: 17%
Magic:  11/11      EV: 10    Int: 10    God:
Gold:   483        SH:  4    Dex:  9    Spells: 10/10 levels left

rFire   . . .      SeeInvis .   i - +11 mace of Awoap {vorpal, rElec rC+ Str+3}
rCold   + . .      Faith    .   c - +0 buckler
rNeg    + . .      Spirit   .   y - +0 troll leather armour
rPois   ∞          Reflect  .   z - +2 hat
rElec   +          Harm     .   m - +0 cloak
rCorr   .          Rampage  .   (no gloves)
Will    .....                   (no boots)
Stlth   +.........              (no amulet)
HPRegen 1.02/turn               (no ring)
MPRegen 0.12/turn               (no ring)

@: no status effects
A: sickness immunity, AC +8, negative energy resistance 1, electricity
resistance, torment resistance 1, petrification resistance
a: no special abilities


You were in a bailey.
You visited 1 branch of the dungeon, and saw 10 of its levels.
You also visited: Bailey.

You collected 483 gold pieces.

Inventory:

Hand Weapons
 a - a +0 war axe
 i - the +11 mace of Awoap (weapon) {vorpal, rElec rC+ Str+3}
   (You found it on level 2 of the Dungeon)

   It inflicts extra damage upon your enemies.
   Str:       It affects your strength (+3).
   rC:        It protects you from cold.
   rElec:     It insulates you from electricity.
Missiles
 C - 11 poisoned darts (quivered)
Armour
 b - a +0 scale mail
 c - a +0 buckler (worn)
 m - a +0 cloak (worn)
 r - a +0 helmet
 y - a +0 troll leather armour (worn)
 z - a +2 hat (worn)
Wands
 g - a wand of flame (11)
Scrolls
 e - 4 scrolls of amnesia
 k - 3 scrolls of silence
 o - a scroll of blinking {unknown}
 p - a scroll of vulnerability {unknown}
 q - 2 scrolls of enchant weapon
 s - 2 scrolls of teleportation {unknown}
 u - a scroll of fear {unknown}
 A - a scroll of fog {unknown}
 D - a scroll of noise {unknown}
 E - a scroll of torment {unknown}
Potions
 d - a potion of might
 f - 3 potions of curing
 h - 5 potions of heal wounds
 j - a potion of haste
 l - 3 potions of cancellation
 n - 3 potions of degeneration {unknown}
 t - 4 potions of brilliance
 v - a potion of resistance
 w - a potion of invisibility
 B - 2 potions of mutation {unknown}


   Skills:
 * Level 9.7 Fighting
 - Level 3.2(9.0) Axes
 - Level 14.0(14.2) Maces & Flails
 - Level 3.2 Armour
 + Level 4.1 Shields


You had 10 spell levels left.
You didn't know any spells.
Your spell library contained the following spells:

 Spells                   Type           Power      Damage    Failure   Level
 Beastly Appendage        Tmut           0%         N/A       50%         1
 Magic Dart               Conj           0%         1d3       50%         1
 Summon Small Mammal      Summ           0%         N/A       50%         1
 Corpse Rot               Necr/Air       0%         N/A       63%         2
 Searing Ray              Conj           0%         2d4       63%         2
 Static Discharge         Conj/Air       0%         N/A       63%         2
 Wereblood                Tmut           0%         N/A       63%         2
 Call Canine Familiar     Summ           0%         N/A       86%         3
 Ozocubu's Armour         Ice            0%         N/A       86%         3
 Portal Projectile        Hex/Tloc       0%         N/A       86%         3
 Spider Form              Tmut/Pois      0%         N/A       86%         3
 Summon Guardian Golem    Hex/Summ       0%         N/A       86%         3
 Dispel Undead            Necr           0%         3d6       99%         4
 Fulminant Prism          Conj/Hex       0%         3d6       99%         4
 Leda's Liquefaction      Hex/Erth       0%         N/A       99%         4
 Sticky Flame             Conj/Fire      0%         2d3       99%         4
 Summon Ice Beast         Ice/Summ       0%         N/A       99%         4
 Summon Mana Viper        Hex/Summ       0%         N/A       100%        5
 Death Channel            Necr           0%         N/A       100%        6
 Dispersal                Tloc           0%         N/A       100%        6
 Monstrous Menagerie      Summ           0%         N/A       100%        7
 Ozocubu's Refrigeration  Ice            0%         4d5       100%        7
 Disjunction              Tloc           0%         N/A       100%        8


Dungeon Overview and Level Annotations

Branches:
Dungeon (10/15)              Lair (0/6) D:10            Orc (0/2) D:9
 Bailey (1/1)
 Temple: D:4-7

Altars:
Cheibriados
Hepliaklqana

Shops:
D:2 *   D:7 (

Annotations:
D:10 exclusion: oklob plant


Innate Abilities, Weirdness & Mutations

You are immune to sickness and miasma.
Your stone body is resilient. (AC +8)
You are immune to poison.
You resist negative energy. (rN+)
You are resistant to electric shocks. (rElec)
You are resistant to unholy torment.
You are immune to petrification.


Message History

Things that are here:
a +0 trident; a +0 chain mail
Aiming: Iceblast
Press: ? - help, Shift-Dir - straight line, f - orc warrior
Aim: an orc warrior, wielding a +0 trident and wearing a +0 ring mail
Okay, then.
Aiming: Iceblast
Press: ? - help, Shift-Dir - straight line, f - orc warrior
Aim: an orc warrior, wielding a +0 trident and wearing a +0 ring mail The mass of ice explodes!
The iceblast engulfs the orc warrior!
The orc warrior is moderately wounded.
The iceblast engulfs the orc warrior!
The orc warrior is severely wounded.
The iceblast engulfs the orc!
You kill the orc!
The iceblast engulfs the orc warrior!
The orc warrior is almost dead.
The now-empty wand crumbles to dust.
You hear a shout!
You are too injured to fight recklessly!
You are too injured to fight recklessly!
You block the orc warrior's attack. The orc warrior barely misses you.
The orc warrior hits you but does no damage.
The orc warrior hits you with a +0 trident!
The orc hits you but does no damage. The orc barely misses you.
The orc warrior barely misses you. x2
You block the orc warrior's attack. The orc hits you but does no damage.
The orc warrior roars to no one in particular.
The orc warrior hits you but does no damage.
The orc warrior hits you with a +0 spear!
* * * LOW HITPOINT WARNING * * *
Things that are here:
a +0 trident; a +0 ring mail; an orc corpse You sock the orc warrior!
You kill the orc warrior!
The orc warrior hits you with a +0 trident!
* * * LOW HITPOINT WARNING * * *
The orc hits you but does no damage.
The orc warrior hits you with a +0 glaive.
You die...

♣♣♣♣♣♣♣♣ ♣♣......♣♣
♣........♣
#♣..∩..∩..♣#
#..........#
##..........##
#......oo....###
#.♣...o@.o.....♣♣
#.♣♣..o)...♣.♣..♣#
♣♣................≈≈#
♣......#....#....≈≈≈#
...≈≈≈≈#....#≈≈≈≈≈≈≈#
.≈≈≈≈≈≈#....#≈≈≈≈≈≈≈#
≈≈≈≈≈≈≈#....#≈≈≈≈≈≈≈#
≈≈≈≈≈≈≈#..).#≈≈≈≈≈♣♣#
≈≈≈≈...#....#...♣♣♣


You could see 3 orc warriors and 2 orcs.

Vanquished Creatures
  Gastronok (D:8)
  Erica (D:8)
  A two-headed ogre (D:9)
  Psyche (D:8)
  A shadow (D:6)
  A wraith (D:9)
  Eustachio (D:6)
  A vampire (D:8)
  2 wargs (D:9)
  An acid dragon (D:8)
  Duvessa (D:6)
  2 water moccasins
  3 orc warriors (Bailey)
  An ice beast (D:7)
  3 sky beasts
  4 black bears
  2 necrophages
  An ogre (D:5)
  3 centaurs
  3 phantoms
  3 kobold brigands
  2 gnoll sergeants
  2 water moccasin zombies
  Dowan (D:6)
  A wyvern skeleton (D:5)
  6 wights
  A howler monkey (D:8)
  A bullfrog zombie (D:5)
  4 centaur zombies
  A hound (D:6)
  6 orc priests
  2 gnoll shamans
  2 jellies
  Jessica (D:3)
  5 iguanas
  12 orc wizards
  4 howler monkey zombies
  17 gnolls
  A howler monkey skeleton (D:5)
  5 adders
  A shadow imp (D:7)
  5 white imps
  An ufetubus (D:7)
  An adder skeleton (D:4)
  2 worms
  34 orcs
  10 endoplasms
  A giant cockroach (D:1)
  16 goblins
  8 hobgoblins
  2 quokkas
  4 ball pythons
  2 bats
  2 frilled lizards
  20 kobolds
  6 rats
  A spectral kobold (D:5)
227 creatures vanquished.

Notes
Turn   | Place    | Note
-------+----------+-------------------------------------------
     0 | D:1      | Bruhh the Gargoyle Fighter began the quest for the Orb.
     0 | D:1      | Reached XP level 1. HP: 14/14 MP: 1/1
   249 | D:1      | Reached XP level 2. HP: 14/19 MP: 2/2
   434 | D:1      | Upgraded the game from 0.28.0-43-g3370ac3207 to
                  | 0.28.0-45-g0d030f2227
   649 | D:1      | Found a faded altar of an unknown god.
  1322 | D:2      | Reached XP level 3. HP: 23/23 MP: 3/3
  1349 | D:2      | Found Ricail's Assorted Antiques.
  1621 | D:2      | Identified the +11 mace of Awoap {vorpal, rElec rC+ Str+3}
  2030 | D:3      | Noticed Jessica
  2031 | D:3      | Killed Jessica
  2032 | D:3      | Reached skill level 1 in Maces & Flails
  2032 | D:3      | Reached XP level 4. HP: 28/28 MP: 4/4
  2157 | D:3      | Reached skill level 2 in Maces & Flails
  2378 | D:3      | Reached skill level 3 in Maces & Flails
  2381 | D:3      | Reached XP level 5. HP: 27/32 MP: 5/5
  2919 | D:4      | Reached skill level 4 in Maces & Flails
  2999 | D:4      | Reached XP level 6. HP: 24/37 MP: 6/6
  3434 | D:4      | Reached skill level 5 in Maces & Flails
  3493 | D:5      | Entered Level 5 of the Dungeon
  3635 | D:5      | Reached skill level 6 in Maces & Flails
  3654 | D:5      | Reached XP level 7. HP: 19/41 MP: 7/7
  3883 | D:5      | Reached skill level 7 in Maces & Flails
  4205 | D:5      | Reached skill level 8 in Maces & Flails
  4205 | D:5      | Reached XP level 8. HP: 46/46 MP: 8/8
  4248 | D:5      | Reached skill level 9 in Maces & Flails
  4936 | D:5      | Found a hazy altar of Hepliaklqana.
  5179 | D:6      | Noticed Duvessa
  5179 | D:6      | Noticed Dowan
  5213 | D:6      | Noticed Eustachio
  5354 | D:5      | Reached skill level 5 in Fighting
  5528 | D:6      | Killed Eustachio
  5548 | D:6      | Killed Duvessa
  5549 | D:6      | Reached XP level 9. HP: 56/56 MP: 9/9
  5566 | D:6      | Killed Dowan
  6105 | D:6      | You fall into a shaft and drop 2 floors!
  6313 | D:6      | Found a snail-covered altar of Cheibriados.
  6439 | D:7      | Reached skill level 10 in Maces & Flails
  6583 | D:7      | Found Emeytedawn's Weapon Emporium.
  7116 | D:8      | Reached skill level 11 in Maces & Flails
  7116 | D:8      | Reached XP level 10. HP: 65/66 MP: 10/10
  7382 | D:8      | Noticed Psyche
  7386 | D:8      | Killed Psyche
  7581 | D:8      | Noticed Erica
  7591 | D:8      | Killed Erica
  7592 | D:8      | Reached skill level 12 in Maces & Flails
  7845 | D:8      | Noticed Gastronok
  7863 | D:8      | Killed Gastronok
  7864 | D:8      | Reached skill level 13 in Maces & Flails
  8187 | D:9      | Found a staircase to the Orcish Mines.
  8251 | D:9      | Noticed a two-headed ogre
  8265 | D:9      | Killed a two-headed ogre
  8266 | D:9      | Reached skill level 14 in Maces & Flails
  8266 | D:9      | Reached XP level 11. HP: 47/71 MP: 11/11
  8904 | D:10     | Entered Level 10 of the Dungeon
  8915 | D:10     | Found a staircase to the Lair.
  8915 | D:10     | Noticed an oklob plant
  9039 | D:10     | Found a flagged portal.
  9055 | Bailey   | Entered a bailey
  9117 | Bailey   | HP: 1/72 [orc warrior/+0 trident (15)]
  9117 | Bailey   | Slain by an orc warrior

Illustrated notes

Levels and vault maps discovered:
D:1:      dpeg_arrival_round_b, layout_loops_corners,
          dreamdust_ecumenical_altar_statues, chequers_arboretum
D:2:      layout_basic, serial_shops, shop_fountains
D:3:      layout_basic, minmay_divided_ellipse, uniq_jessica
D:4:      layout_rooms, hangedman_decor_growths
D:5:      layout_basic, nicolae_hepliaklqana_monster_ancestors, serial_glass,
          glass_columns_a, glass_columns_a, minmay_circle_x
D:6:      layout_basic, grunt_temple_overflow_cloverleaf,
          lemuel_coloured_pillars_altar, minmay_temple_entry_gardened_gates,
          grunt_ministairs_2, uniq_eustachio, uniq_duvessa
D:7:      layout_rooms, serial_shops, nicolae_shop_bloodbath_and_beyond,
          dk_noncrumbling_2
D:8:      layout_basic, uniq_gastronok, uniq_psyche, uniq_erica
D:9:      layout_irregular_city, erik_orc_4
D:10:     hangedman_screamer, layout_stronghold, dpeg_oklobed_lair,
          enter_bailey_3, kennysheep_generic_room_7, uniq_maggie
Bailey:   bailey_polearm_elven_captive_hellmonk, bailey

Skill      XL: |  1  2  3  4  5  6  7  8  9 10 11 |
---------------+----------------------------------+-----
Axes           | 2 3 |  3.2
Maces & Flails | 1 3 4 6 8 9 11 14 | 14.0
Fighting       | 6 9 |  9.7
Shields        | 4 |  4.1
Armour         | |  3.2

Action                   |  1- 3 |  4- 6 |  7- 9 | 10-12 || total
-------------------------+-------+-------+-------+-------++-------
Melee: War axe           |    63 |       |       |       ||    63
       Mace              |     5 |   102 |   225 |   180 ||   512
Evoke: Wand              |       |       |       |     1 ||     1
  Use: Scroll            |       |       |     2 |     7 ||     9
       Potion            |       |       |       |     1 ||     1
Armor: Scale mail        |    31 |    72 |   158 |    28 ||   289
       Troll leather arm |       |       |       |    82 ||    82
Dodge: Dodged            |    41 |    49 |   124 |    99 ||   313
Block: Buckler           |     6 |    21 |    44 |    35 ||   106
